 Dungeon Crawl Stone Soup version 0.30.1-4-g462c640d31 (webtiles) character file.

Game seed: 8356510650010434304

20841 GordonOverkill the Thaumaturge (level 12, -14/100 HPs)
             Began as a Demigod Fire Elementalist on Aug 17, 2023.
             Demolished by a boulder beetle (17 damage)
             ... on level 11 of the Dungeon.
             The game lasted 00:50:01 (24234 turns).

GordonOverkill the Thaumaturge (DgFE)              Turns: 24234, Time: 00:50:02

Health: -14/100    AC:  9    Str:  9    XL:     12   Next: 19%
Magic:  6/39       EV: 12    Int: 38    God:
Gold:   592        SH:  0    Dex: 14    Spells: 17/31 levels left

rFire   + . .        P - +2 flail "Ashoc" {drain, rF+ rC+ Will+}
rCold   + . .        (no shield)
rNeg    . . .        B - +1 leather armour "Doptot" {Int+5}
rPois   +            (no helmet)
rElec   .            A - +1 cloak
rCorr   .            w - +2 pair of gloves
SInv    .            (no boots)
Will    ++...        (no amulet)
Stlth   ++           r - ring of poison resistance
HPRegen 0.36/turn    d - ring of magical power
MPRegen 0.26/turn

%: no passive effects
@: no status effects
A: high MP 1, forlorn, divine attributes
a: no special abilities


You were on level 11 of the Dungeon.
You visited 3 branches of the dungeon, and saw 14 of its levels.
You also visited: Bailey.

You collected 781 gold pieces.
You spent 189 gold pieces at shops.

Inventory:

Hand Weapons
 P - the +2 flail "Ashoc" (weapon) {drain, rF+ rC+ Will+}
   (You found it on level 10 of the Dungeon)

   rF:        It protects you from fire.
   rC:        It protects you from cold.
   Will:      It increases your willpower.
Missiles
 e - 4 javelins
 j - 33 poisoned darts
 k - 8 boomerangs
 x - a throwing net
 y - 5 curare-tipped darts (quivered)
Armour
 w - a +2 pair of gloves (worn)
 A - a +1 cloak (worn)
 B - the +1 leather armour "Doptot" (worn) {Int+5}
   (You bought it in a shop on level 9 of the Dungeon)

   Int:       It affects your intelligence (+5).
 D - a +1 robe of fire resistance
 G - the +0 pair of gloves of Midsummer {Fly Will+ Str+3 Stlth-}
   (You found it in a bailey)

   Str:       It affects your strength (+3).
   Fly:       It grants you flight.
   Will:      It increases your willpower.
   Stlth:     It makes you less stealthy.
 H - a +1 leather armour of willpower
 S - the +1 pair of gloves of Distant Shores {rN+}
   (You found it on level 1 of the Lair of Beasts)

   rN:        It protects you from negative energy.
Jewellery
 c - an amulet of reflection
 d - a ring of magical power (right hand)
 r - a ring of poison resistance (left hand)
Wands
 E - a wand of mindburst (7)
 J - a wand of light (7)
 R - a wand of polymorph (3)
Scrolls
 f - 2 scrolls of vulnerability
 h - 2 scrolls of amnesia
 l - 2 scrolls of blinking
 n - 2 scrolls of teleportation
 s - 2 scrolls of noise {unknown}
 v - 4 scrolls of immolation
 z - a scroll of torment {unknown}
 C - 3 scrolls of fog
 I - 2 scrolls of brand weapon {unknown}
 K - a scroll of silence {unknown}
 L - 3 scrolls of poison {unknown}
 N - a scroll of enchant weapon
 O - 3 scrolls of identify
Potions
 a - a potion of cancellation
 b - 2 potions of magic
 g - a potion of berserk rage
 i - 3 potions of flight
 m - a potion of ambrosia
 o - 4 potions of mutation
 p - 2 potions of might
 q - 3 potions of brilliance
 t - a potion of invisibility
 u - 8 potions of curing
 F - 2 potions of heal wounds
 M - 2 potions of resistance {unknown}
 Q - a potion of lignification {unknown}
 T - a potion of haste


   Skills:
 + Level 7.6 Fighting
 - Level 2.0 Throwing
 - Level 3.0 Dodging
 - Level 1.7 Stealth
 - Level 2.0 Unarmed Combat
 + Level 10.3 Spellcasting
 - Level 5.0 Conjurations
 - Level 6.0 Necromancy
 - Level 7.0 Fire Magic
 - Level 7.0 Ice Magic
 - Level 5.0 Evocations


You had 17 spell levels left.
You knew the following spells:

 Your Spells              Type           Power      Damage    Failure   Level
a - Foxfire               Conj/Fire      100%       2x1d9     1%          1
b - Freeze                Ice            100%       1d10      1%          1
c - Scorch                Fire           100%       2d9       1%          2
d - Hailstorm             Conj/Ice       60%        3d13      1%          3
e - Dispel Undead         Necr           60%        3d21      2%          4
f - Frozen Ramparts       Ice            100%       1d16      1%          3

Your spell library contained the following spells:

 Spells                   Type           Power      Damage    Failure   Level
 Magic Dart               Conj           100%       1d8       1%          1
 Cigotuvi's Dreadful Rot  Necr/Pois/Air  68%        N/A       1%          2
 Sublimation of Blood     Necr           60%        N/A       1%          2
 Inner Flame              Hex/Fire       46%        N/A       1%          3
 Volatile Blastmotes      Fire/Tloc      92%        2d17      1%          3
 Apportation              Tloc           38%        N/A       2%          1
 Beastly Appendage        Tmut           38%        N/A       2%          1
 Animate Dead             Necr           60%        N/A       2%          4
 Flame Wave               Conj/Fire      60%        2d14      2%          4
 Call Imp                 Summ           38%        N/A       4%          2
 Wereblood                Tmut           19%        N/A       4%          2
 Mephitic Cloud           Conj/Pois/Air  32%        N/A       4%          3
 Spider Form              Tmut/Pois      19%        N/A       9%          3
 Death Channel            Necr           30%        N/A       34%         6
 Alistair's Intoxication  Tmut/Pois      12%        N/A       58%         5
 Summon Cactus Giant      Summ           9%         N/A       99%         6
 Haunt                    Necr/Summ      21%        N/A       100%        7
 Summon Hydra             Summ           9%         N/A       100%        7
 Infestation              Necr           30%        N/A       100%        8


Dungeon Overview and Level Annotations

Branches:
Dungeon (11/15)            Temple (1/1) D:7            Lair (2/5) D:10
 Shoals (0/4) Lair:2       Bailey (visited)
  Snake: Lair:2-3    Spider: Lair:2-3       Orc: D:9-12

Shops:
D:3 !?[!   D:7 :   D:9 [

Annotations:
D:5 1 runed translucent door, Crazy Yiuf
D:10 4 transporters


Innate Abilities, Weirdness & Mutations

You have an increased reservoir of magic. (+10% MP)
You shall have no god before yourself.
Your divine heritage dramatically boosts your attributes as you level up.


Message History

Casting: Scorch (safe; 1% risk of failure)
Confirm with . or Enter, or press ? or * to list all spells.
Flames lash the boulder beetle.
The boulder beetle is burned terribly!
The boulder beetle is heavily wounded.
The boulder beetle is no longer blind.
The boulder beetle bites you!!
* * * LOW HITPOINT WARNING * * *
Casting: Scorch (safe; 1% risk of failure)
Confirm with . or Enter, or press ? or * to list all spells.
Flames lash the boulder beetle.
The boulder beetle is burned terribly!
The boulder beetle is severely wounded.
The boulder beetle barely misses you.
Casting: Scorch (safe; 1% risk of failure)
Confirm with . or Enter, or press ? or * to list all spells.
Flames lash the boulder beetle.
The boulder beetle is burned terribly!
The boulder beetle is almost dead.
The boulder beetle bites you.
* * * LOW HITPOINT WARNING * * *
Casting: Scorch (safe; 1% risk of failure)
Confirm with . or Enter, or press ? or * to list all spells.
Flames lash the boulder beetle.
The boulder beetle is burned terribly!
The boulder beetle is almost dead.
The boulder beetle bites you but does no damage.
Casting: Scorch (safe; 1% risk of failure)
Confirm with . or Enter, or press ? or * to list all spells.
Flames lash the boulder beetle but do no damage.
The boulder beetle bites you!
* * * LOW HITPOINT WARNING * * *
Casting: Scorch (safe; 1% risk of failure)
Confirm with . or Enter, or press ? or * to list all spells.
Flames lash the boulder beetle.
The boulder beetle is almost dead.
The boulder beetle bites you!
* * * LOW HITPOINT WARNING * * *
Aiming: Bolt of Light
Press: ? - help, Shift-Dir - straight line, f/p - boulder beetle
Aim: a boulder beetle (almost dead, more vulnerable to fire, 100% to hit)
The bolt of light hits the boulder beetle but does no damage.
The boulder beetle is almost dead.
The boulder beetle is blinded.
The boulder beetle bites you!
You die...

# # ### #### #### ##.# # ###.. ##
...###.## .###...# #. ........##
#....#.## ##. #...####.###
##.......## #####.# ##.##
##..###.........####.##.## #.##
##..##...........###..## #.#
##.....@............## .##
##..##B....#.<##...# ..#
##.####.......###..# ..#####
##...# #..##.#..#...####
##....####.#..####.##.....###.##.
##.###.....##..# #..##..### ##...
#.# ##..#..##.###..##.## #... #.#
#..#..###.##......# #(.. #.#
##.##..##...#...#..## ##...


You could see a boulder beetle (blind, combustible).

Vanquished Creatures
  A boulder beetle (D:11)
  3 two-headed ogres
  Sonja (D:11)
  An ugly thing (D:11)
  A cyclops (D:11)
  9 elephants
  A gargoyle (Bailey)
  A black mamba (Lair:1)
  A torpor snail (Lair:2)
  5 cane toads
  5 rime drakes
  3 komodo dragons
  2 trolls (D:11)
  A hornet (D:8)
  A vampire (Bailey)
  Sigmund (D:2)
  A shadow (D:9)
  A wraith (D:10)
  21 yaks
  A wyvern (D:11)
  A basilisk (Lair:1)
  Eustachio (D:4)
  A steam dragon (D:9)
  2 acid dragons
  6 water moccasins
  4 orc warriors
  A black bear (D:10)
  12 wolves
  2 ogres (D:5)
  A centaur (D:6)
  A phantom (D:5)
  5 bullfrogs
  2 kobold brigands (D:6)
  8 wights
  6 vampire bats (Bailey)
  An electric eel (D:6)
  A howler monkey (D:6)
  8 wolf zombies (Bailey)
  5 hounds
  6 orc priests
  2 gnoll boudas
  2 iguanas
  5 orc wizards
  12 gnolls
  12 adders
  3 shadow imps
  2 white imps
  2 worms (D:2)
  A dart slug (D:1)
  22 orcs
  5 ball pythons
  3 endoplasms
  4 giant cockroaches
  6 goblins
  11 hobgoblins
  5 jackals
  3 quokkas
  2 bats
  6 frilled lizards
  12 kobolds
  19 orc zombies (Bailey)
  5 rats
279 creatures vanquished.

Vanquished Creatures (collateral kills)
  4 foxfires
4 creatures vanquished.

Vanquished Creatures (others)
  1202 foxfires
1202 creatures vanquished.

Grand Total: 1485 creatures vanquished

Notes
Turn   | Place    | Note
-------+----------+-------------------------------------------
     0 | D:1      | GordonOverkill the Demigod Fire Elementalist began the
                  | quest for the Orb.
     0 | D:1      | Reached XP level 1. HP: 14/14 MP: 5/5
    16 | D:1      | Reached skill level 1 in Conjurations
   349 | D:1      | Reached skill level 2 in Spellcasting
   398 | D:1      | Reached XP level 2. HP: 17/20 MP: 1/7
  1313 | D:2      | Learned a level 1 spell: Freeze
  1588 | D:2      | Reached XP level 3. HP: 26/26 MP: 3/8
  1928 | D:2      | Reached skill level 1 in Unarmed Combat
  2081 | D:2      | Learned a level 2 spell: Scorch
  2209 | D:2      | Noticed Sigmund
  2223 | D:2      | Killed Sigmund
  2224 | D:2      | Reached skill level 1 in Ice Magic
  2224 | D:2      | Reached XP level 4. HP: 33/33 MP: 2/10
  2224 | D:2      | Reached XP level 5. HP: 38/38 MP: 2/12
  3046 | D:3      | Found Voluav's Antique Armour Shop.
  3442 | D:3      | Found Reenn's Distillery.
  3827 | D:3      | Found Ziculess's Magic Scroll Shoppe.
  3895 | D:3      | Found Saocyg's Distillery.
  4700 | D:4      | Reached skill level 3 in Spellcasting
  5023 | D:4      | Reached XP level 6. HP: 41/45 MP: 7/13
  5326 | D:4      | Noticed Eustachio
  5343 | D:4      | Killed Eustachio
  5770 | D:5      | Entered Level 5 of the Dungeon
  6131 | D:5      | Reached XP level 7. HP: 27/50 MP: 9/14
  6551 | D:5      | Learned a level 3 spell: Hailstorm
  6568 | D:5      | Reached skill level 5 in Fire Magic
  6990 | D:5      | Found a runed translucent door.
  6991 | D:5      | Noticed Crazy Yiuf
  7332 | D:6      | Identified the +0 buckler "Dopamem" {Dex+3}
  7420 | D:6      | Reached skill level 5 in Conjurations
  7807 | D:6      | Reached skill level 1 in Fighting
  8048 | D:6      | Reached XP level 8. HP: 61/61 MP: 8/16
  8310 | D:6      | Reached skill level 4 in Spellcasting
  8978 | D:6      | Reached skill level 5 in Ice Magic
  9118 | D:6      | Reached skill level 5 in Spellcasting
  9645 | D:7      | Found Veuhidgh's Book Shop.
  9839 | D:7      | Found a flagged portal.
  9850 | Bailey   | Entered a bailey
 10723 | Bailey   | Reached skill level 1 in Evocations
 11273 | Bailey   | Noticed a gargoyle
 11310 | Bailey   | Killed a gargoyle
 11311 | Bailey   | Reached XP level 9. HP: 48/71 MP: 13/21
 11655 | Bailey   | Reached skill level 6 in Spellcasting
 11960 | Bailey   | Identified the +0 chain mail of Words of Power {Str+2
                  | Int+5}
 11962 | Bailey   | Identified the +5 great sword of Stickiness {venom, Dex+8}
 11965 | Bailey   | Identified the +0 pair of gloves of Midsummer {Fly Will+
                  | Str+3 Stlth-}
 12315 | D:7      | Found a staircase to the Ecumenical Temple.
 12536 | Temple   | Entered the Ecumenical Temple
 13579 | D:8      | Identified the +5 ring mail of Impatience {rN++ Str-3}
 13584 | D:8      | Noticed a two-headed ogre
 13604 | D:8      | Killed a two-headed ogre
 13605 | D:8      | Reached skill level 7 in Spellcasting
 13605 | D:8      | Reached skill level 5 in Evocations
 14047 | D:8      | Noticed a two-headed ogre
 14148 | D:8      | Killed a two-headed ogre
 14149 | D:8      | Reached XP level 10. HP: 32/80 MP: 25/25
 14598 | D:9      | Learned a level 4 spell: Dispel Undead
 14616 | D:9      | Found Ceuzor's Antique Armour Shop.
 14623 | D:9      | Bought a steaming leather armour for 189 gold pieces
 14623 | D:9      | Identified the +1 leather armour "Doptot" {Int+5} (You
                  | bought it in a shop on level 9 of the Dungeon)
 15013 | D:9      | Reached skill level 5 in Fighting
 15287 | D:9      | Reached skill level 1 in Necromancy
 16337 | D:9      | Found Ceuzor's Antique Armour Shop.
 16637 | D:10     | Entered Level 10 of the Dungeon
 16818 | D:10     | Reached skill level 8 in Spellcasting
 17328 | D:10     | Found a staircase to the Lair.
 17362 | D:10     | Identified the +2 flail "Ashoc" {drain, rF+ rC+ Will+}
 17422 | D:10     | Found a transporter.
 17424 | D:10     | Found a transporter.
 17426 | D:10     | Found a transporter.
 17458 | D:10     | Noticed a two-headed ogre
 17470 | D:10     | Killed a two-headed ogre
 17656 | D:10     | Found a transporter.
 18069 | D:11     | Noticed a boulder beetle
 18086 | D:11     | Noticed Sonja
 18093 | D:11     | Killed Sonja
 18094 | D:11     | Reached XP level 11. HP: 86/86 MP: 27/27
 18182 | Lair:1   | Entered Level 1 of the Lair of Beasts
 18819 | Lair:1   | Identified the +1 pair of gloves of Distant Shores {rN+}
 18916 | Lair:1   | Reached skill level 5 in Necromancy
 19360 | Lair:2   | Reached skill level 9 in Spellcasting
 19579 | Lair:2   | Found a staircase to the Shoals.
 19924 | Lair:2   | Found the +4 skin of Zhor {*Englaciate rC+++ SInv}
 20152 | Lair:2   | Reached skill level 10 in Spellcasting
 20328 | Lair:2   | Noticed a boulder beetle
 20350 | Lair:2   | a boulder beetle changed into an alligator
 20350 | Lair:2   | Noticed an alligator
 20402 | Lair:2   | Reached skill level 1 in Throwing
 21714 | Lair:1   | Reached XP level 12. HP: 84/97 MP: 25/30
 21774 | Lair:1   | Learned a level 3 spell: Frozen Ramparts
 22652 | D:11     | Noticed a boulder beetle
 23549 | D:11     | Killed a boulder beetle
 24233 | D:11     | HP: 3/100 [boulder beetle (8)]
 24234 | D:11     | Demolished by a boulder beetle

Illustrated notes

Levels and vault maps discovered:
D:1:      psy_arrival_whirlpool, layout_rooms, minmay_misc_feat_more_columns
D:2:      layout_loops_ring, uniq_sigmund
D:3:      layout_basic, nicolae_overflow_hidden_temple, serial_shops,
          nicolae_shop_waterfront, nicolae_diamond_shop, shop, shop
D:4:      layout_loops_ring, kennysheep_generic_room_7, uniq_eustachio
D:5:      layout_basic, serial_bayou_pond_a, uniq_crazy_yiuf_cottage
D:6:      layout_loops_cross, amcnicky_altar_gilded,
          nicolae_ossuary_entry_false_entrances, amcnicky_mini_pool_medium
D:7:      layout_basic, minmay_temple_entry_statues_pillars, enter_bailey_3,
          serial_shops, nicolae_shop_tiny_waterfront
D:8:      layout_basic
D:9:      layout_roguey, lemuel_crystal_altar, serial_shops,
          nicolae_shop_hallway_plus, hellmonk_bongcloud_opening,
          serial_bayou_pond_d
D:10:     layout_cross, grunt_lair_entry_orc_guard_hut, nicolae_diode_quadrants
D:11:     layout_layer_cave, uniq_sonja
Temple:   nicolae_temple_bog_church
Lair:1:   layout_hall_layers
Lair:2:   layout_gridlike, elwin_shoals_entry_rocks,
          spider_nest_entry_funnel_web, minivault_19,
          hellmonk_guarded_unrand_zhor

Skill      XL: |  1  2  3  4  5  6  7  8  9 10 11 12 |
---------------+-------------------------------------+-----
Conjurations   | 1 2 3 5 |  5.0
Spellcasting   | 2 3 5 7 8 10 | 10.3
Fire Magic     | 3 4 5 6 7 |  7.0
Unarmed Combat | 1 2 |  2.0
Ice Magic      | 1 2 3 5 6 7 |  7.0
Fighting       | 1 3 4 5 6 7 |  7.6
Evocations     | 2 5 |  5.0
Necromancy     | 3 6 |  6.0
Dodging        | 3 |  3.0
Throwing       | 2 |  2.0
Stealth        | |  1.7

Action                     |  1- 3 |  4- 6 |  7- 9 | 10-12 || total
---------------------------+-------+-------+-------+-------++-------
  Melee: Short sword       |     3 |     3 |       |       ||     6
         Rapier            |       |       |    19 |       ||    19
         Punch             |       |       |     1 |       ||     1
  Throw: Javelin           |       |     1 |       |       ||     1
   Cast: Foxfire           |    77 |   116 |   258 |   288 ||   739
         Freeze            |     8 |    20 |    46 |   103 ||   177
         Scorch            |     1 |       |    60 |    94 ||   155
         Hailstorm         |       |       |    12 |    45 ||    57
  Evoke: Wand              |       |       |     6 |    12 ||    18
    Use: Scroll            |       |     9 |     8 |    11 ||    28
         Potion            |       |       |     3 |       ||     3
   Stab: Sleeping          |       |     1 |     1 |       ||     2
 Armour: Robe              |     1 |     4 |    79 |       ||    84
         Leather armour    |       |       |       |    63 ||    63
  Dodge: Dodged            |     9 |    18 |   134 |   108 ||   269
